 Dungeon Crawl Stone Soup version 0.20-a0-492-g6327889 (webtiles) character file.

1164 ErgoProxy the Geomancer (level 8, -1/56 HPs)
             Began as a Formicid Earth Elementalist on Jan 15, 2017.
             Slain by Pikel
             ... wielding a +1 whip of freezing
              (3 damage)
             ... on level 5 of the Dungeon.
             The game lasted 00:28:28 (5899 turns).

ErgoProxy the Geomancer (FoEE)                      Turns: 5899, Time: 00:28:29

Health: -1/56      AC:  3    Str: 13    XL:     8   Next: 67%
Magic:  6/12       EV: 18    Int: 15    God:
Gold:   356        SH:  0    Dex: 18    Spells: 3/11 levels left

rFire    + . .     SeeInvis +     - Unarmed
rCold    . . .     Gourm    .   c - +0 robe
rNeg     . . .     Faith    .   (no shield)
rPois    .         Spirit   .   (helmet unavailable)
rElec    .         Reflect  .   (no cloak)
rCorr    .         Harm     .   s - +0 pair of gloves (curse)
MR       .....                  (no boots)
Stlth    +++.......             a - amulet of regeneration
Regen    0.5/turn               (no ring)
                                l - ring of protection from fire

@: agile
A: permanent stasis, dig shafts and tunnels, four strong arms, antennae 3, high
mp 1
a: Dig, Shaft Self


You were on level 5 of the Dungeon.
You were near starving.

You visited 1 branch of the dungeon, and saw 6 of its levels.

You collected 356 gold pieces.

Inventory:

Armour
 c - a +0 robe (worn)
 s - a cursed +0 pair of gloves (worn)
Jewellery
 a - an amulet of regeneration (around neck)
 l - a ring of protection from fire (left hand)
 p - an uncursed amulet of magic regeneration
Scrolls
 f - a scroll of fog
 h - 2 scrolls of remove curse
 n - a scroll of amnesia
Potions
 g - a potion of agility
 i - 3 potions of curing
 q - a potion of flight
 r - a potion of invisibility
Books
 e - a book of Geomancy

   Spells                             Type                      Level
   a - Sandblast                      Earth                        1
   b - Passwall                       Transmutation/Earth          2
   c - Stone Arrow                    Conjuration/Earth            3
   d - Petrify                        Transmutation/Earth          4
   e - Lee's Rapid Deconstruction     Earth                        5
Comestibles
 d - 7 bread rations
 j - 6 slices of pizza
 k - 5 meat rations
 o - 2 fruits


   Skills:
 + Level 1.8 Fighting
 + Level 1.5 Armour
 - Level 2.6 Dodging
 - Level 2.4 Stealth
 * Level 6.6 Unarmed Combat
 - Level 2.1 Spellcasting
 - Level 1.4 Transmutations
 - Level 8.0 Earth Magic


You had 3 spell levels left.
You knew the following spells:

 Your Spells              Type           Power        Failure   Level  Hunger
a - Sandblast             Erth           ####..       1%          1    #......
b - Petrify               Tmut/Erth      ###.....     34%         4    #####..
c - Stone Arrow           Conj/Erth      ##....       14%         3    ###....


Dungeon Overview and Level Annotations

Branches:
Dungeon (6/15)
 Temple: D:4-7

Altars:
Elyvilon
Qazlal
Ru

Annotations:
D:5 Pikel


Innate Abilities, Weirdness & Mutations

You cannot be hasted, slowed, berserked, paralysed or teleported.
You can dig through walls and to a lower floor.
Your four strong arms can wield two-handed weapons with a shield.
You have a pair of large antennae on your head. (SInv)
You have an increased reservoir of magic. (+10% MP)


Message History

Pikel waves his whip at you. Pikel barely misses you.
You barely miss Pikel.
Pikel is heavily wounded.
Pikel says, "You'll fetch a fair price!"
Pikel misses you.
You hit Pikel but do no damage.
Pikel is heavily wounded.
Pikel hits you with a whip of freezing!
* * * LOW HITPOINT WARNING * * *
Pikel freezes you.
* * * LOW HITPOINT WARNING * * *
You hit Pikel.
Pikel is severely wounded.
You hit Pikel.
Pikel is severely wounded.
Pikel hits you with a whip of freezing!
* * * LOW HITPOINT WARNING * * *
Pikel freezes you.
You die...

§§§§#...# #.# ########
§§§§#.#.# #.# #.(.....
§§§§#.#.# #.# #.######
§§§§#.#.## #.# ####### #.# #
§§§§###..###.###.....# #.# #
§§§§##...........###.# #.# #
§§§§##........##.###.### #.#
#
#**###........##K......###.#
# # #.#........##@........#.#
# # #.#........##...........#
# # #.#.##..#.###.......#.#.#
#.#...............###.#.#
#.........###.###.# #.###
###.##....###.###.# #.#
######.##.#..........# #.#
.<..#<.#....>........###.####
..........##................#


You could see Pikel.

Vanquished Creatures
  2 slaves (D:6)
  2 ogres (D:4)
  A centaur (D:5)
  2 bullfrogs (D:6)
  The ghost of knot the Sneak, a weakling DsAs (D:4)
  A bullfrog zombie (D:6)
  2 crimson imps (D:5)
  2 hounds
  2 centaur zombies (D:5)
  A quasit (D:5)
  A bullfrog skeleton (D:5)
  An orc priest (D:4)
  3 iguanas (D:4)
  4 worker ants
  Terence (D:3)
  5 adders
  6 river rats (D:5)
  An ooze (D:2)
  5 worms
  3 dart slugs
  5 leopard geckos
  2 orcs (D:4)
  11 bats
  12 giant cockroaches
  9 goblins
  5 hobgoblins
  2 jackals (D:4)
  9 quokkas
  3 ball pythons
  A ball python zombie (D:5)
  7 frilled lizards
  5 kobolds
  40 rats
157 creatures vanquished.

Vanquished Creatures (others)
  An adder (D:5)
1 creature vanquished.

Grand Total: 158 creatures vanquished

Notes
Turn   | Place    | Note
-------+----------+-------------------------------------------
     0 | D:1      | ErgoProxy the Formicid Earth Elementalist began the quest for the Orb.
     0 | D:1      | Reached XP level 1. HP: 13/13 MP: 3/3
   316 | D:1      | Reached XP level 2. HP: 17/19 MP: 0/5
   332 | D:1      | Reached skill level 1 in Unarmed Combat
   664 | D:1      | Reached XP level 3. HP: 20/24 MP: 3/6
   967 | D:2      | Found a sacrificial altar of Ru.
  1092 | D:2      | Reached skill level 4 in Earth Magic
  1137 | D:1      | Reached XP level 4. HP: 13/30 MP: 0/7
  1387 | D:2      | Learned a level 4 spell: Petrify
  1737 | D:2      | Found a white marble altar of Elyvilon.
  2113 | D:3      | Reached XP level 5. HP: 28/35 MP: 8/8
  2699 | D:3      | Noticed Terence
  2761 | D:3      | Killed Terence
  2761 | D:3      | Reached skill level 5 in Earth Magic
  3040 | D:4      | Reached XP level 6. HP: 40/41 MP: 4/9
  3098 | D:4      | Reached skill level 6 in Earth Magic
  3414 | D:4      | Noticed knot's ghost (weakling DsAs)
  3421 | D:4      | Killed knot's ghost
  3580 | D:4      | Gained mutation: You have an increased reservoir of magic. (+10% MP) [potion of beneficial mutation]
  4008 | D:4      | Reached skill level 7 in Earth Magic
  4066 | D:5      | Entered Level 5 of the Dungeon
  4094 | D:5      | Noticed an ogre
  4127 | D:4      | Killed an ogre
  4127 | D:4      | Reached XP level 7. HP: 46/46 MP: 9/11
  4402 | D:5      | Reached skill level 5 in Unarmed Combat
  4658 | D:5      | Reached XP level 8. HP: 52/52 MP: 12/12
  4936 | D:5      | Learned a level 3 spell: Stone Arrow
  5274 | D:5      | Reached skill level 8 in Earth Magic
  5308 | D:5      | Found a stormy altar of Qazlal.
  5465 | D:6      | Reached skill level 1 in Fighting
  5465 | D:6      | Reached skill level 1 in Armour
  5533 | D:6      | Noticed Pikel
  5899 | D:5      | HP: 2/56 [Pikel/whip of freezing (7)]
  5899 | D:5      | Slain by Pikel

Vault maps used:
D:1:      tarquinn_simple_flora_water_e, dk_noncrumbling_4, minmay_unequal
D:2:      lemuel_crystal_altar, marbit_many_paths, first_bread,
          kennysheep_decorative_pillar
D:3:      minmay_diamond_boxcup, minmay_rat_hole, uniq_terence
D:4:      feat_on_display
D:5:      lemuel_ratsnest, nicolae_qazlal_eye_of_the_storm
D:6:      uniq_pikel

Skill      XL: |  1  2  3  4  5  6  7  8 |
---------------+-------------------------+-----
Dodging        | 2 |  2.6
Unarmed Combat | 1 2 3 5 6 |  6.6
Earth Magic    | 4 5 7 8 |  8.0
Fighting       | 1 |  1.8
Armour         | 1 |  1.5
Stealth        | |  2.4
Spellcasting   | |  2.1
Transmutations | |  1.4

Action                   |  1- 3 |  4- 6 |  7- 9 || total
-------------------------+-------+-------+-------++-------
Melee: Unarmed           |    48 |   212 |   210 ||   470
       Punch             |       |     4 |     4 ||     8
 Cast: Sandblast         |    40 |    77 |    66 ||   183
       Stone Arrow       |       |       |     4 ||     4
       Petrify           |       |       |     3 ||     3
 Abil: Dig               |       |     3 |       ||     3
  Use: Scroll            |     4 |     9 |     2 ||    15
       Potion            |     1 |     1 |     2 ||     4
 Stab: Sleeping          |       |     3 |       ||     3
  Eat: Chunk             |     1 |    10 |     6 ||    17
       Royal jelly       |       |     1 |       ||     1
       Fruit             |       |       |     1 ||     1
Armor: Robe              |    12 |    30 |    35 ||    77
Dodge: Dodged            |    34 |   138 |   175 ||   347
